 Dungeon Crawl Stone Soup version 0.29-a0-613-gf2c431b9b9 (webtiles) character file.

Game seed: 18089588981941817662

231 kyalle the Skirmisher (level 5, -2/48 HPs)
             Began as a Minotaur Fighter on June 16, 2022.
             Was an Initiate of the Shining One.
             Slain by Pikel
             ... wielding a +1 whip of electrocution
              (15 damage)
             ... on level 4 of the Dungeon.
             The game lasted 00:16:04 (3285 turns).

kyalle the Skirmisher (Minotaur Fighter)            Turns: 3285, Time: 00:16:05

Health: -2/48      AC: 16    Str: 22    XL:     5   Next: 72%
Magic:  4/4        EV:  7    Int:  5    God:    the Shining One [......]
Gold:   143        SH:  4    Dex: 10    Spells: 3/4 levels left

rFire   + . .      SeeInvis .   a - +1 war axe
rCold   . . .      Faith    .   c - +0 buckler
rNeg    . . .      Spirit   .   p - +3 chain mail
rPois   .          Reflect  .   (helmet restricted)
rElec   .          Harm     .   (no cloak)
rCorr   .          Rampage  .   (no gloves)
Will    .....                   (no boots)
Stlth   ..........              (no amulet)
HPRegen 0.16/turn               g - ring of protection from fire
MPRegen 0.09/turn               m - +4 ring of protection

@: glowing
A: horns 2, retaliatory headbutt
a: Renounce Religion


You were on level 4 of the Dungeon.
You worshipped the Shining One.
The Shining One was noncommittal.
You visited 2 branches of the dungeon, and saw 5 of its levels.

You collected 167 gold pieces.
You spent 24 gold pieces at shops.

Inventory:

Hand Weapons
 a - a +1 war axe (weapon)
Missiles
 j - 3 silver javelins (quivered)
Armour
 b - a +1 scale mail
 c - a +0 buckler (worn)
 p - a +3 chain mail (worn)
Jewellery
 g - a ring of protection from fire (left hand)
 m - a +4 ring of protection (right hand)
Scrolls
 e - a scroll of enchant weapon
 f - 4 scrolls of identify
 i - 2 scrolls of vulnerability
 o - 2 scrolls of teleportation
 q - a scroll of blinking {unknown}
Potions
 d - a potion of might
 h - 2 potions of haste
 k - a potion of heal wounds {unknown}
 l - 3 potions of flight
 n - a potion of attraction
 r - a potion of cancellation


   Skills:
 * Level 5.4 Fighting
 * Level 4.5 Axes
 + Level 4.6 Armour
 + Level 4.5 Shields


You had 3 spell levels left.
You knew the following spells:

 Your Spells              Type           Power      Damage    Failure   Level
a - Foxfire               Conj/Fire      0%         2x1d4     99%         1

Your spell library contained the following spells:

 Spells                   Type           Power      Damage    Failure   Level
 Freeze                   Ice            0%         1d3       99%         1
 Slow                     Hex            0%         N/A       99%         1
 Confusing Touch          Hex            0%         N/A       100%        3
 Conjure Flame            Conj/Fire      0%         6-21      100%        3
 Frozen Ramparts          Ice            0%         1d2       100%        3
 Gell's Gravitas          Tloc           0%         N/A       100%        3
 Inner Flame              Hex/Fire       0%         N/A       100%        3
 Lesser Beckoning         Tloc           0%         N/A       100%        3
 Summon Guardian Golem    Hex/Summ       0%         N/A       100%        3
 Teleport Other           Tloc           0%         N/A       100%        3
 Vampiric Draining        Necr           0%         2d6       100%        3
 Flame Wave               Conj/Fire      0%         2d4       100%        4
 Hailstorm                Conj/Ice       0%         3d3       100%        4
 Orb of Destruction       Conj           0%         9d5       100%        7
 Spellforged Servitor     Conj/Summ      0%         N/A       100%        7


Dungeon Overview and Level Annotations

Branches:
Dungeon (4/15)             Temple (1/1) D:4

Altars:
Ashenzari
Cheibriados
Dithmenos
Elyvilon
Fedhas
Gozag
Hepliaklqana
Kikubaaqudgha
Makhleb
Nemelex Xobeh
Okawaru
Qazlal
Ru
Sif Muna
Trog
Uskayaw
Vehumet
Wu Jian
Xom
Yredelemnul
Zin
The Shining One

Shops:
D:2 ?   D:3 (:[

Annotations:
D:4 Pikel


Innate Abilities, Weirdness & Mutations

You have a pair of horns on your head.
You reflexively headbutt those who attack you in melee.


Message History

The hobgoblin shoots an arrow.
The arrow barely misses you.
The hobgoblin shoots an arrow.
The arrow hits you.
You enter the shallow water.
Moving in this stuff is going to be slow.
The hobgoblin unwields a +0 shortbow.
You block the hobgoblin's attack.
You hit the hobgoblin.
The hobgoblin is severely wounded.
The hobgoblin splashes around in the water.
Your unstable footing causes you to fumble your attack.
The hobgoblin hits you but does no damage.
You slash the hobgoblin!
You kill the hobgoblin!
You hear a splash. x2
q - a scroll labelled LOSEOT REVVA
Things that are here:
a +0 shortbow; a hobgoblin corpse Pikel is nearby!
Pikel shouts!
Things that are here:
a +0 shortbow; a hobgoblin corpse Why would you want to do that?
Why would you want to do that?
You enter the shallow water.
Moving in this stuff is going to be slow.
There is a stone staircase leading up here.
The lemure shouts!
Pikel hits you with a +1 whip of electrocution.
You are electrocuted!
You miss Pikel.
Pikel hits you with a +1 whip of electrocution.
You closely miss Pikel.
Pikel says, "You'll freeze in Cocytus!"
Pikel hits you with a +1 whip of electrocution!
You miss Pikel. You headbutt Pikel, but do no damage. You block Pikel's attack.
Pikel hits you but does no damage.
You are electrocuted!
You barely miss Pikel.
Pikel hits you with a +1 whip of electrocution.
* * * LOW HITPOINT WARNING * * *
You are electrocuted!
You die...

#≈≈≈≈.≈≈.≈..≈.≈≈≈.≈≈.≈.≈≈≈#
#.≈≈≈≈≈≈≈≈≈≈≈.≈≈≈≈≈5≈≈≈≈≈≈#
#≈≈♣♣♣≈≈≈♣♣♣≈≈≈♣♣♣≈≈≈♣♣♣≈≈#
#.≈♣ ♣≈.≈ ♣≈.≈♣ ♣≈5≈♣ .#
#.≈♣♣♣≈.≈♣♣♣≈.≈♣♣♣≈.≈♣♣♣≈≈.
..≈≈≈≈≈.≈≈≈≈≈.≈≈≈≈≈5≈≈≈≈≈≈.
.≈≈≈≈≈.....≈.(.≈.≈≈≈.≈.≈≈≈.
..##.######...[..K#######..
..# .######.....@.# #
..##..............#
...####.###.......# ......
##.####### ...### #..#
.....#####.#######
...#.#............
..................
..................


You could see Pikel and 3 lemures.

Vanquished Creatures
  A lemure (D:3)
  A necrophage (D:2)
  A jelly (D:3)
  4 gnolls
  4 adders
  A white imp (D:3)
  A dart slug (D:2)
  3 ball pythons
  5 bats
  4 endoplasms
  3 giant cockroaches
  4 goblins
  3 hobgoblins
  8 jackals
  6 kobolds
  A quokka (D:2)
  9 frilled lizards
  4 rats
63 creatures vanquished.

Vanquished Creatures (others)
  A fungus (D:3)
  A plant (D:1)
2 creatures vanquished.

Grand Total: 65 creatures vanquished

Notes
Turn   | Place    | Note
-------+----------+-------------------------------------------
     0 | D:1      | kyalle the Minotaur Fighter began the quest for the Orb.
     0 | D:1      | Reached XP level 1. HP: 19/19 MP: 0/0
   352 | D:1      | Reached XP level 2. HP: 27/27 MP: 1/1
   523 | D:1      | Reached skill level 4 in Fighting
   565 | D:1      | Found a faded altar of an unknown god.
  1027 | D:2      | Found Lonul's Magic Scroll Emporium.
  1058 | D:2      | Bought a scroll of identify for 24 gold pieces
  1069 | D:2      | Reached XP level 3. HP: 33/33 MP: 2/2
  1299 | D:2      | Noticed a necrophage
  1309 | D:2      | Killed a necrophage
  1310 | D:2      | Reached XP level 4. HP: 41/41 MP: 3/3
  1587 | D:2      | Reached skill level 5 in Fighting
  1877 | D:3      | Found Koig's Weapon Shoppe.
  1885 | D:3      | Reached XP level 5. HP: 48/48 MP: 4/4
  2292 | D:3      | Found Aphi's Book Emporium.
  2304 | D:3      | Learned a level 1 spell: Foxfire
  2562 | D:3      | Found Uqemnymaynk's Armour Shoppe.
  2633 | D:3      | Found a shimmering altar of Xom.
  2762 | D:4      | Noticed a lemure
  2765 | D:4      | Noticed Pikel
  2765 | D:4      | Noticed a lemure
  2765 | D:4      | Noticed a lemure
  2765 | D:4      | Noticed a lemure
  2784 | D:3      | Killed a lemure
  2932 | D:4      | Found a staircase to the Ecumenical Temple.
  2937 | Temple   | Entered the Ecumenical Temple
  3027 | Temple   | Became a worshipper of the Shining One
  3285 | D:4      | Slain by Pikel

Illustrated notes

Levels and vault maps discovered:
D:1:      dpeg_arrival_pits, layout_loops_corners,
          ebering_ecumenical_altar_abandoned, minmay_crystal_room,
          nicolae_grassy_gnolls
D:2:      layout_basic, serial_shops, shop_fountains, grunt_ministairs_3
D:3:      layout_basic, mainiacjoe_overflow_tiny_flanked, serial_shops,
          nicolae_shop_statue_plus, nicolae_shop_stone, shop
D:4:      layout_rooms, temple_doors_e, kennysheep_boxes, uniq_pikel
Temple:   nicolae_temple_the_god_donut

Skill      XL: |  1  2  3  4 |
---------------+-------------+-----
Fighting       | 4 5 |  5.4
Axes           | 3 4 |  4.5
Armour         | 4 |  4.6
Shields        | 4 |  4.5

Action                   |  1- 3 |  4- 6 || total
-------------------------+-------+-------++-------
Melee: War axe           |    71 |    81 ||   152
       Headbutt          |     7 |     8 ||    15
  Use: Scroll            |     7 |     8 ||    15
Armor: Scale mail        |    40 |     9 ||    49
       Chain mail        |       |    61 ||    61
Dodge: Dodged            |    36 |    47 ||    83
Block: Buckler           |    19 |    30 ||    49

Table legend: (Time is in decaauts)
 A = Elapsed time spent in this place.
 B = Non-inter-level travel time spent in this place.
 C = Inter-level travel time spent in this place.
 D = Time resting spent in this place.
 E = Time spent auto-exploring this place.
 F = Levels seen in this place.
 G = Mean time per level.
                   A        B        C        D        E       F      G
               +--------+--------+--------+--------+--------+-----+--------+
         Total |   3350 |   3044 |    306 |     24 |   2115 |   5 |  670.0 |
       Dungeon |   3188 |   2986 |    202 |     24 |   2115 |   4 |  797.0 |
        Temple |    161 |     57 |    104 |      0 |      0 |   1 |  161.0 |
               +--------+--------+--------+--------+--------+-----+--------+

Top non-repeatable levels by time:
     D:1: 1018 daAuts
     D:3: 994 daAuts
     D:2: 840 daAuts
     D:4: 336 daAuts
  Temple: 161 daAuts
